 Dungeon Crawl Stone Soup version 0.22-a0-307-g2b15929 (webtiles) character file.

26282 Amnesiac the Brawler (level 12, -17/88 HPs)
             Began as a Demonspawn Gladiator on Apr 1, 2018.
             Was the Champion of Okawaru.
             Demolished by an orc warrior
             ... wielding a +0 halberd
              (24 damage)
             ... while paralysed by an orc sorcerer
             ... on level 2 of the Orcish Mines.
             The game lasted 00:18:13 (11918 turns).

Amnesiac the Brawler (Demonspawn Gladiator)        Turns: 11918, Time: 00:18:14

Health: -17/88     AC: 21    Str: 20    XL:     12   Next: 96%
Magic:  12/12      EV:  2    Int:  9    God:    Okawaru [******]
Gold:   2010       SH:  0    Dex: 15    Spells: 11/11 levels left

rFire    . . .     SeeInvis .     - Unarmed
rCold    . . .     Gourm    .   (no shield)
rNeg     . . .     Faith    .   S - +11 scale mail "Quon" {rCorr}
rPois    .         Spirit   .   (helmet restricted)
rElec    .         Reflect  .   f - +1 cloak {+Inv}
rCorr    +         Harm     .   (gloves unavailable)
MR       .....                  (no boots)
Stlth    ..........             i - amulet of regeneration
HPRegen  0.64/turn              t - ring of resist corrosion
MPRegen  0.13/turn              P - +1 ring of protection

@: paralysed
A: claws 3, horns 1, talons 2, powered by pain 1, spiny 1
a: Heroism, Finesse, Renounce Religion, Evoke Invisibility


You were on level 2 of the Orcish Mines.
You worshipped Okawaru.
Okawaru was exalted by your worship.
You were not hungry.

You visited 3 branches of the dungeon, and saw 15 of its levels.
You also visited: Ossuary and Bailey.

You collected 2064 gold pieces.
You spent 54 gold pieces at shops.

Inventory:

Missiles
 c - 7 throwing nets (quivered)
 n - 30 poisoned needles
 I - 10 needles of sleeping
 K - 7 javelins of returning
Armour
 f - a +1 cloak of invisibility (worn)
 O - a scarf of spirit shield
 Q - a scarf of resistance
 S - the +11 scale mail "Quon" (worn) {rCorr}
   (You took it off a wight on level 12 of the Dungeon)

   It protects you from acid and corrosion.
Jewellery
 g - a +5 amulet of reflection
 i - an amulet of regeneration (around neck)
 t - a ring of resist corrosion (left claw)
 P - a +1 ring of protection (right claw)
Wands
 w - a wand of random effects (24)
 A - a wand of acid (3)
 B - a wand of disintegration (5)
 G - a wand of flame (52)
 N - a wand of polymorph (12)
Scrolls
 b - a scroll of immolation {!r, unknown}
 e - a scroll of noise {!r, unknown}
 h - 6 scrolls of enchant armour {!r, unknown}
 k - 3 scrolls of random uselessness {!r, unknown}
 l - 9 scrolls of identify {!r}
 o - 2 scrolls of holy word {!r, unknown}
 p - 2 scrolls of enchant weapon {!r, unknown}
 q - 6 scrolls of remove curse {!r, unknown}
 u - a scroll of fear {!r, unknown}
 x - a scroll of brand weapon {!r, unknown}
 y - a scroll of magic mapping {!r, unknown}
 D - 9 scrolls of teleportation {!r, unknown}
 E - 2 scrolls of fog {!r, unknown}
 F - 5 scrolls of amnesia {!r, unknown}
 J - a scroll of acquirement {!r, unknown}
Potions
 a - 4 potions of might {!q}
 j - 2 potions of resistance {!q}
 m - 10 potions of curing {!q}
 r - 2 potions of brilliance {!q}
 s - 3 potions of lignification {!q}
 v - 2 potions of agility {!q}
 z - 6 potions of haste {!q}
 C - 5 potions of heal wounds {!q}
 H - a potion of magic {!q, unknown}
 R - 3 potions of mutation {!q}
Comestibles
 d - 29 rations
 L - 14 chunks of flesh


   Skills:
 - Level 6.1 Fighting
 - Level 2.0 Throwing
 - Level 6.2 Armour
 - Level 6.0 Dodging
 + Level 16.8 Unarmed Combat


You had 11 spell levels left.
You didn't know any spells.

Dungeon Overview and Level Annotations

Branches:
Dungeon (12/15)            Temple (0/1) D:7            Lair (1/6) D:8
    Orc (2/2) D:12            Elf (0/3) Orc:2

Altars:
Cheibriados
Dithmenos
Elyvilon
Fedhas
Gozag
Hepliaklqana
Nemelex Xobeh
Okawaru
Ru
Sif Muna
Trog
Yredelemnul
Zin
The Shining One
Beogh

Shops:
D:11 =


Innate Abilities, Weirdness & Mutations

You have claws for hands.
You have a pair of small horns on your head.
You have razor-sharp toenails.
You sometimes gain a little power by taking damage.
You are partially covered in sharp spines.


Message History

Deactivating autopickup; reactivate with Ctrl-A.
The orc warrior completely misses you.
An orc wizard comes into view. It is wielding a dagger.
The orc wizard shouts!
You hear a shout! x4
The orc priest calls upon Beogh to heal the orc warrior.
The orc warrior's wounds heal themselves!
The orc priest looks encouraged for a moment.
An orc knight comes into view. It is wielding a war axe.
Things that are here:
a club; a leather armour; an orc corpse You scratch the orc priest.
The orc priest is heavily wounded.
The orc warrior barely misses you.
The orc priest is struck by your spines.
The orc priest hits you but does no damage.
The orc warrior misses you.
You scratch the orc priest but do no damage.
You kill the orc priest!
Okawaru accepts your kill.
The orc wizard casts a spell.
The orc wizard seems to speed up.
The orc high priest prays to Beogh.
The orc knight roars a battlecry!
The orcs go into a battle-frenzy!
The orc warrior hits you from afar with an enchanted trident!
The orc wizard mumbles some strange words.
The orc wizard blinks!
The soul eater draws from the surrounding life force!
* * * LOW HITPOINT WARNING * * *
The orc warrior misses you.
You hear a shout!
You closely miss the orc priest. You claw the orc priest.
You headbutt the orc priest.
The orc priest is moderately wounded.
The orc warrior misses you.
The orc priest calls down the wrath of Beogh upon you.
Pain shoots through your body!
* * * LOW HITPOINT WARNING * * *
The orc knight roars a battlecry!
The orc sorcerer howls an incantation.
The orc sorcerer shimmers violently.
The orc wizard mumbles some strange words.
The orc wizard blinks!
The orc sorcerer mumbles some strange words.
The orc priest casts a cantrip, but nothing happens.
The red devil disappears in a puff of smoke!
The orc warrior hits you with a dire flail!
* * * LOW HITPOINT WARNING * * *
You feel a little less agile now. The orc warrior closely misses you.
The orc sorcerer points at you and mumbles some strange words.
You suddenly lose the ability to move!
The orc warrior hits you but does no damage.
The orc warrior barely misses you.
The orc high priest mumbles some strange prayers to Beogh against you.
Beogh smites you!
* * * LOW HITPOINT WARNING * * *
The orc sorcerer gestures wildly while chanting.
The orc warrior hits you from afar with a trident!
* * * LOW HITPOINT WARNING * * *
The orc warrior hits you with a dire flail.
* * * LOW HITPOINT WARNING * * *
The orc priest miscasts a cantrip.
The orc warrior hits you from afar with a halberd!!
You die...

.o.oo4..# ##..... ..oooo..#
###..... ..ooo...# ........
#..4oo########## #........
...ooo)...o.4..## #####.......
....).#...4..3..## ##..#.....###
.....>.....{..o3.# ##..#....#####
......ยง......oo.####...##....##..
..........(o..oo@.###....#....##.
.......................###.......
......................###..<.....
..............#.......# ##.......
............###.))....## ###.....
.........###.).....# ###..#
........##.##)..#.## #...#
.......)(...))..### ##.##
........#).....## ###


You could see a soul eater, an orc high priest, a sun demon, an orange demon, a
rust devil, an orc sorcerer, 4 orc warriors and an orc priest.

Vanquished Creatures
  Erolcha (Orc:1)
  4 two-headed ogres
  Urug (D:10)
  The ghost of Amnesiac the Martial Artist, a novice DsGl of Okawaru (D:8)
  Pikel (D:7)
  2 orc knights (Orc:2)
  A cyclops (D:12)
  2 ugly things
  6 elephants (Lair:1)
  3 gargoyles (D:12)
  3 trolls
  3 hornets
  5 hippogriffs
  2 shadows (D:12)
  Sigmund (D:6)
  A wyvern (D:9)
  Eustachio (D:4)
  3 wraiths (D:7)
  10 yaks
  4 hungry ghosts
  6 wargs
  2 porcupines (Lair:1)
  18 orc warriors
  5 ogres
  6 phantoms
  2 black bears
  2 ice beasts
  3 necrophages
  3 wolves (Lair:1)
  4 centaurs
  A crocodile (D:12)
  2 big kobolds
  2 elf zombies (D:7)
  9 bullfrogs
  An elf skeleton (D:7)
  A wyvern skeleton (D:8)
  A water moccasin skeleton (D:6)
  7 scorpions
  9 killer bees
  9 wights
  2 howler monkeys
  An electric eel (D:11)
  5 crimson imps
  3 bullfrog zombies
  A human zombie (D:7)
  10 centaur zombies
  14 orc wizards
  26 orc priests
  12 hounds
  2 human skeletons (D:7)
  7 jellies
  2 centaur skeletons
  Jessica (D:3)
  3 bullfrog skeletons
  Terence (D:3)
  An iguana (D:11)
  12 worker ants
  2 big kobold zombies (Ossuary)
  6 ogre zombies (D:12)
  A howler monkey zombie (D:7)
  6 mummies
  A worker ant zombie (D:3)
  21 gnolls
  10 adders
  3 shadow imps
  10 oozes
  An adder zombie (D:5)
  2 worms
  A dart slug (D:3)
  5 leopard geckos
  74 orcs
  3 ball pythons
  8 giant cockroaches
  19 hobgoblins
  15 jackals
  41 kobolds
  2 quokkas
  5 bats
  A frilled lizard (D:1)
  6 goblins
  3 goblin zombies
  2 hobgoblin skeletons (D:12)
  4 hobgoblin zombies
  A jackal skeleton (D:8)
  A leopard gecko skeleton (D:4)
  3 orc skeletons (D:12)
  11 orc zombies (D:12)
  4 rats
523 creatures vanquished.

Vanquished Creatures (others)
  A wizard (D:7)
  2 slaves (D:7)
  A big kobold (D:7)
  An orc wizard (Orc:1)
  A kobold (D:7)
  2 fungi (D:2)
  6 toadstools (D:2)
14 creatures vanquished.

Grand Total: 537 creatures vanquished

Notes
Turn   | Place    | Note
-------+----------+-------------------------------------------
     0 | D:1      | Amnesiac the Demonspawn Gladiator began the quest for the Orb.
     0 | D:1      | Reached XP level 1. HP: 16/16 MP: 1/1
   489 | D:1      | Reached skill level 3 in Unarmed Combat
   489 | D:1      | Gained mutation: You have sharp fingernails. [demonic ancestry]
   489 | D:1      | Reached XP level 2. HP: 18/22 MP: 2/2
  1353 | D:2      | Gained mutation: You have very sharp fingernails. [demonic ancestry]
  1353 | D:2      | Reached XP level 3. HP: 24/27 MP: 3/3
  1430 | D:2      | Reached skill level 4 in Unarmed Combat
  1430 | D:2      | Reached XP level 4. HP: 10/33 MP: 4/4
  1537 | D:2      | Found a hazy altar of Hepliaklqana.
  1537 | D:2      | Found a blossoming altar of Fedhas.
  1688 | D:2      | Reached skill level 5 in Unarmed Combat
  1699 | D:2      | Gained mutation: You sometimes gain a little power by taking damage. [demonic ancestry]
  1699 | D:2      | Reached XP level 5. HP: 38/38 MP: 5/5
  1809 | D:3      | Reached skill level 6 in Unarmed Combat
  1811 | D:3      | Reached XP level 6. HP: 44/44 MP: 6/6
  2032 | D:3      | Noticed Jessica
  2035 | D:3      | Killed Jessica
  2061 | D:3      | Noticed Terence
  2069 | D:3      | Killed Terence
  2605 | D:4      | Reached skill level 7 in Unarmed Combat
  2696 | D:4      | Noticed Eustachio
  2736 | D:4      | Reached XP level 7. HP: 40/50 MP: 7/7
  2750 | D:4      | Killed Eustachio
  2796 | D:4      | Reached skill level 8 in Unarmed Combat
  2992 | D:4      | Reached skill level 9 in Unarmed Combat
  2992 | D:4      | Gained mutation: You have sharp toenails. [demonic ancestry]
  2992 | D:4      | Reached XP level 8. HP: 26/56 MP: 8/8
  3348 | D:5      | Entered Level 5 of the Dungeon
  3564 | D:5      | Found a shadowy altar of Dithmenos.
  3588 | D:5      | Reached skill level 10 in Unarmed Combat
  3660 | D:5      | Found a sand-covered staircase.
  3666 | Ossuary  | Entered an ossuary
  4426 | D:6      | Reached skill level 11 in Unarmed Combat
  4426 | D:6      | Gained mutation: You have claws for hands. [demonic ancestry]
  4426 | D:6      | Reached XP level 9. HP: 61/61 MP: 9/9
  4437 | D:6      | Found a glowing golden altar of the Shining One.
  4589 | D:6      | Found an opulent altar of Gozag.
  4598 | D:6      | Noticed Sigmund
  4610 | D:6      | Killed Sigmund
  4610 | D:6      | Reached skill level 1 in Armour
  4639 | D:6      | Found an iron altar of Okawaru.
  4676 | D:6      | Became a worshipper of Warmaster Okawaru
  4932 | D:6      | Found a sparkling altar of Nemelex Xobeh.
  5265 | D:7      | Noticed Pikel
  5289 | D:7      | Killed Pikel
  5289 | D:7      | Reached * piety under Okawaru
  5309 | D:7      | Found a sacrificial altar of Ru.
  5418 | D:7      | Reached ** piety under Okawaru
  5434 | D:7      | Gained mutation: You are partially covered in sharp spines. [demonic ancestry]
  5434 | D:7      | Reached XP level 10. HP: 72/73 MP: 10/10
  5444 | D:7      | Found a basalt altar of Yredelemnul.
  5453 | D:7      | Reached skill level 5 in Armour
  5525 | D:7      | Reached skill level 5 in Dodging
  5597 | D:7      | Found a snail-covered altar of Cheibriados.
  5646 | D:7      | Reached skill level 5 in Fighting
  5663 | D:7      | Found a sparkling altar of Nemelex Xobeh.
  5688 | D:7      | Found a staircase to the Ecumenical Temple.
  6097 | D:7      | Found a bloodstained altar of Trog.
  6101 | D:7      | Noticed a wizard
  6105 | D:7      | Killed a wizard
  6170 | D:8      | Noticed a two-headed ogre
  6177 | D:8      | Killed a two-headed ogre
  6177 | D:8      | Reached *** piety under Okawaru
  6378 | D:8      | Found a staircase to the Lair.
  6506 | D:8      | Noticed Amnesiac's ghost (novice DsGl)
  6524 | D:8      | Killed Amnesiac's ghost
  6526 | D:8      | Reached **** piety under Okawaru
  6631 | D:8      | Found a deep blue altar of Sif Muna.
  6903 | D:8      | Found a white marble altar of Elyvilon.
  7061 | Lair:1   | Entered Level 1 of the Lair of Beasts
  7109 | Lair:1   | Reached skill level 12 in Unarmed Combat
  7188 | Lair:1   | Noticed an elephant
  7189 | Lair:1   | Noticed an elephant
  7189 | Lair:1   | Noticed an elephant
  7189 | Lair:1   | Noticed an elephant
  7189 | Lair:1   | Noticed an elephant
  7190 | Lair:1   | Noticed an elephant
  7205 | Lair:1   | Killed an elephant
  7205 | Lair:1   | Gained mutation: You have a pair of small horns on your head. [demonic ancestry]
  7205 | Lair:1   | Reached XP level 11. HP: 68/81 MP: 11/11
  7217 | Lair:1   | Received a gift from Okawaru
  7278 | Lair:1   | Reached ***** piety under Okawaru
  7291 | Lair:1   | HP: 3/81 [porcupine's spines (11)]
  7293 | Lair:1   | Reached skill level 13 in Unarmed Combat
  7542 | D:9      | Found a glowing silver altar of Zin.
  7543 | D:9      | Found an opulent altar of Gozag.
  8304 | D:9      | Paralysed by a hornet for 3 turns
  8518 | D:10     | Entered Level 10 of the Dungeon
  8518 | D:10     | Noticed Urug
  8528 | D:10     | Killed Urug
  8530 | D:10     | Reached skill level 14 in Unarmed Combat
  9056 | D:11     | Reached ****** piety under Okawaru
  9070 | D:11     | Noticed a brown ugly thing
  9076 | D:11     | Noticed a two-headed ogre
  9076 | D:11     | Received a gift from Okawaru
  9081 | D:11     | Killed a brown ugly thing
  9084 | D:11     | Killed a two-headed ogre
  9255 | D:11     | Found Vuqiuts's Jewellery Shop.
  9263 | D:11     | Bought a +1 ring of protection for 54 gold pieces
  9324 | D:11     | Gained mutation: You have razor-sharp toenails. [demonic ancestry]
  9324 | D:11     | Reached XP level 12. HP: 87/88 MP: 12/12
 10075 | D:12     | Found a staircase to the Orcish Mines.
 10098 | D:12     | Reached skill level 15 in Unarmed Combat
 10249 | D:12     | Got an ancient scale mail
 10321 | D:12     | Noticed a two-headed ogre
 10323 | D:12     | Killed a two-headed ogre
 10633 | Orc:1    | Entered Level 1 of the Orcish Mines
 10734 | Orc:1    | Identified the +11 scale mail "Quon" {rCorr} (You took it off a wight on level 12 of the Dungeon)
 10764 | Orc:2    | Entered Level 2 of the Orcish Mines
 10793 | Orc:2    | Reached skill level 16 in Unarmed Combat
 10878 | Orc:1    | Found a flagged portal.
 10901 | Bailey   | Entered a bailey
 11273 | Orc:1    | Found a roughly hewn altar of Beogh.
 11282 | Orc:1    | Noticed Erolcha
 11295 | Orc:1    | Killed Erolcha
 11295 | Orc:1    | Received a gift from Okawaru
 11325 | Orc:1    | Noticed a two-headed ogre
 11331 | Orc:1    | Killed a two-headed ogre
 11875 | Orc:2    | Found a staircase to the Elven Halls.
 11892 | Orc:2    | Noticed an orc high priest
 11915 | Orc:2    | Paralysed by an orc sorcerer for 4 turns
 11918 | Orc:2    | Demolished by an orc warrior

Vault maps used:
D:1:      matt_arrival_refuge, minmay_crystal_room
D:2:      cheibrodos_fertilizer, gammafunk_temple_overflow_pools
D:3:      kennysheep_generic_room_2, uniq_terence, uniq_jessica
D:4:      minmay_opposing_rooms, first_ration, uniq_eustachio
D:5:      kennysheep_mini, nicolae_ossuary_entry_giza, serial_park_tiny_1,
          corexii_item_surrounded_by_moat, kennysheep_potato
D:6:      nemelex_altar_shiori, okawaru_altar_gauntlet_db, basic_altar,
          nicolae_gozag_cash_rules_everything_around_me, uniq_sigmund
D:7:      nicolae_ru_awakened_eye, lemuel_mausoleum_altar_yredelemnul,
          nicolae_overflow_crystal_walls, minmay_temple_entry_glassed_door,
          basic_altar, trog_wizard, uniq_pikel
D:8:      marbit_many_paths, lemuel_blue_sif_altar, lair_entry_dummy
D:9:      grunt_temple_overflow_gold_and_silver, hangedman_pestilent_swarm
D:10:     uniq_urug
D:11:     serial_shops, shop, hangedman_abyss_or_decor_lesser_grid,
          minmay_misc_feat_encased, nicolae_lava_and_water
D:12:     zombieorc1_lemuel
Lair:1:   beast_lair_carwin_10
Orc:1:    enter_bailey_4, basic_altar, uniq_erolcha
Orc:2:    st_orc_congregation
Ossuary:  ossuary_the_hunt_dpeg
Bailey:   bailey_axe_2, bailey

Skill      XL: |  1  2  3  4  5  6  7  8  9 10 11 12 |
---------------+-------------------------------------+-----
Throwing       | 2 |  2.0
Unarmed Combat | 3 4 5 6 7 9 11 12 14 16 | 16.8
Armour         | 4 6 |  6.2
Dodging        | 4 6 |  6.0
Fighting       | 4 6 |  6.1

Action                   |  1- 3 |  4- 6 |  7- 9 | 10-12 || total
-------------------------+-------+-------+-------+-------++-------
Melee: Unarmed           |    92 |   213 |   357 |   658 ||  1320
       Punch             |       |     7 |    18 |    46 ||    71
       Kick              |       |       |    87 |   189 ||   276
       Headbutt          |       |       |       |    91 ||    91
Evoke: Wand              |       |       |       |     1 ||     1
  Use: Potion            |       |       |       |     2 ||     2
       Scroll            |       |       |       |     9 ||     9
 Stab: Held in net/web   |       |       |     2 |       ||     2
  Eat: Chunk             |     2 |     4 |     6 |    24 ||    36
       Ration            |       |       |     1 |       ||     1
Armor: Leather armour    |     9 |       |       |       ||     9
       Ring mail         |     6 |    78 |    80 |    41 ||   205
       Scale mail        |       |       |       |   122 ||   122
Dodge: Dodged            |    44 |   143 |   156 |   369 ||   712
Block: Other             |     4 |       |       |       ||     4

Table legend:
 A = Spawn XP
 B = Non-spawn XP
 C = Spawn XP percentage of total XP
 D = Spawn monster count
 E = Non-spawn monster count
 F = Spawn count percentage of total count
 G = Total turns spent on level
                    A         B        C        D         E        F      G
               +---------+---------+-------+---------+---------+-------+---------
         Total |       0 |   37547 |   0.0 |       0 |     523 |   0.0 | 11918
               +---------+---------+-------+---------+---------+-------+---------
           D:1 |       0 |      29 |   0.0 |       0 |      14 |   0.0 |  1047
           D:2 |       0 |     237 |   0.0 |       0 |      31 |   0.0 |   731
           D:3 |       0 |     307 |   0.0 |       0 |      33 |   0.0 |   761
           D:4 |       0 |     915 |   0.0 |       0 |      28 |   0.0 |   874
           D:5 |       0 |     647 |   0.0 |       0 |      28 |   0.0 |   654
           D:6 |       0 |    1001 |   0.0 |       0 |      21 |   0.0 |   921
           D:7 |       0 |    3246 |   0.0 |       0 |      41 |   0.0 |   997
           D:8 |       0 |    3112 |   0.0 |       0 |      27 |   0.0 |  1078
           D:9 |       0 |    3170 |   0.0 |       0 |      52 |   0.0 |   846
          D:10 |       0 |    1983 |   0.0 |       0 |      20 |   0.0 |   475
          D:11 |       0 |    3172 |   0.0 |       0 |      16 |   0.0 |   991
          D:12 |       0 |    6702 |   0.0 |       0 |      59 |   0.0 |   649
        Lair:1 |       0 |    4379 |   0.0 |       0 |      16 |   0.0 |   246
         Orc:1 |       0 |    4032 |   0.0 |       0 |      37 |   0.0 |   548
         Orc:2 |       0 |    3846 |   0.0 |       0 |      51 |   0.0 |   492
       Ossuary |       0 |     423 |   0.0 |       0 |      15 |   0.0 |   363
        Bailey |       0 |     346 |   0.0 |       0 |      34 |   0.0 |   245
               +---------+---------+-------+---------+---------+-------+---------
